AoeStats
← ItsTwigster

Enclosed

505291505Analyzed
1v1 RM · 25d ago on Sep 8, 2026· 32m 44s· 2 players
Game mode
Random Map
Map size
Tiny (2 player)
Population
200
Speed
Normal
Resources
Standard
Victory
Conquest
Starting age
Dark Age
Ending age
Imperial Age
RankedLock teamsTeams togetherTeam positionsShared explorationLock speedFull tech treeHidden civsTurbo modeCheats
Victory
Defeat
🇩🇰 Vietnamese · Denmark
1097
+18
🇬🇧 Armenians · United Kingdom
1140
-18
Relief
8:25 Loom
10:22 Feudal Age
11:44 Double-Bit Axe
15:25 Fletching
15:52 Horse Collar
19:36 Padded Archer Armor
21:44 Wheelbarrow
25:14 Castle Age
24:34 Scale Barding Armor
25:26 Forging
25:18 Crossbowman
25:57 Bodkin Arrow
26:11 Thumb Ring
25:40 Light Cavalry
26:44 Gold Mining
27:15 Bow Saw
27:01 Pikeman
28:13 Husbandry
ItsTwigster
7:57 Loom
11:03 Feudal Age
11:30 Double-Bit Axe
15:36 Castle Age
14:46 Horse Collar
17:59 Padded Archer Armor
17:50 Fletching
19:51 Elite Skirmisher
21:46 Leather Archer Armor
25:18 Bodkin Arrow
27:30 Town Watch
29:32 Scale Barding Armor
Connection lost

Rejoining the realm…

Still unreachable

The connection could not be restored.

Session expired

The server has moved on; the page needs a fresh start.